 Dungeon Crawl Stone Soup version 0.31-a0-217-g58bb5d79cf (webtiles) character file.

Game seed: 13450317045277789107

15 qw the Shooter (level 2, 0/16 HPs)
             Began as a Gargoyle Hexslinger on July 2, 2023.
             Slain by a cerulean imp
             ... wielding a +4 spear
             ... summoned by Natasha
              (5 damage)
             ... on level 2 of the Dungeon.
             The game lasted 00:00:15 (577 turns).

qw the Shooter (Gargoyle Hexslinger)                 Turns: 577, Time: 00:00:15

Health: 0/16       AC:  5    Str: 11    XL:     2   Next: 50%
Magic:  3/3        EV: 11    Int: 13    God:
Gold:   36         SH:  0    Dex: 12    Spells: 2/3 levels left

rFire   . . .        Y - +1 sling
rCold   . . .        (no shield)
rNeg    + . .        f - +0 leather armour
rPois   inf          (no helmet)
rElec   +            (no cloak)
rCorr   .            (no gloves)
SInv    .            (no boots)
Will    .....        (no amulet)
Stlth   +            (no ring)
HPRegen 0.22/turn    (no ring)
MPRegen 0.08/turn

%: no passive effects
@: no status effects
A: sickness immunity, AC +2, negative energy resistance 1, electricity
resistance, torment resistance 1, petrification resistance
a: no special abilities


You were on level 2 of the Dungeon.
You visited 1 branch of the dungeon, and saw 2 of its levels.

You collected 36 gold pieces.


Innate Abilities, Weirdness & Mutations

You are immune to sickness and miasma.
Your stone body is resilient. (AC +2)
You are immune to poison.
You resist negative energy. (rN+)
You are resistant to electric shocks. (rElec)
You are resistant to unholy torment.
You are immune to petrification.


   Skills:
 + Level 1.2 Fighting
 - Level 3.0 Ranged Weapons
 - Level 1.5 Dodging
 - Level 1.0 Spellcasting
 - Level 2.6 Hexes


You had 2 spell levels left.
You knew the following spells:

 Your Spells              Type           Power      Damage    Failure   Level
a - Slow                  Hex            28%        N/A       12%         1

Your spell library contained the following spells:

 Spells                   Type           Power      Damage    Failure   Level
 Inner Flame              Hex/Fire       4%         N/A       54%         3
 Portal Projectile        Hex/Tloc       8%         N/A       54%         3
 Cause Fear               Hex            3%         N/A       77%         4

Inventory:

Hand Weapons
 Y - a +1 sling (weapon)
Armour
 f - a +0 leather armour (worn)
Scrolls
 e - a scroll of identify
Potions
 g - a potion of haste {unknown}
 h - a potion of heal wounds

Dungeon Overview and Level Annotations

Branches:
Dungeon (2/15)

Altars:

Annotations:
D:2 Natasha


Message History

There is a stone staircase leading up here.
A quokka comes into view.
You shoot a sling bullet. The sling bullet misses the quokka.
You shoot a sling bullet.
The sling bullet barely misses the quokka.
You shoot a sling bullet. The sling bullet misses the quokka.
The quokka closely misses you.
You shoot a sling bullet. The sling bullet hits the quokka.
You kill the quokka!
You see here a quokka corpse.
Natasha, Servant of Life and Death comes into view.
Found a ring mail.
Natasha hisses angrily.
You shoot a sling bullet.
The sling bullet hits Natasha but does no damage.
You shoot a sling bullet.
The sling bullet closely misses Natasha.
Natasha stares at you and mumbles some strange words.
The magic dart hits you.
You shoot a sling bullet. The sling bullet hits Natasha.
Natasha is lightly wounded.
Natasha casts a spell.
You shoot a sling bullet.
The sling bullet closely misses the cerulean imp.
Natasha misses you.
The cerulean imp hits you with a +1 spear.
You shoot a sling bullet. The sling bullet hits the cerulean imp.
The cerulean imp is lightly wounded.
Natasha mumbles some strange words.
The cerulean imp closely misses you. Natasha casts a spell at you.
You resist with significant effort.
You shoot a sling bullet. The sling bullet hits the cerulean imp.
The cerulean imp is heavily wounded.
The cerulean imp hits you with a +1 spear.
Natasha claws you. The cerulean imp misses you.
You shoot a sling bullet. The sling bullet hits the cerulean imp.
The cerulean imp is severely wounded.
The cerulean imp hits you from afar with a +4 spear.
You die...

..[ ... ... #.# #..
.######.# .....5h.#
#@#######.# ### ####
#5......... #.. ..#
##..######## #.# #.#
###...######
#%#####.####.#.........
##.##........#....######
....).##.##.###.......#
##.#####.###.#%...###.#
#.# #.# #..#####


You could see Natasha and 2 cerulean imps.

Vanquished Creatures
  A ball python (D:1)
  A bat (D:1)
  3 endoplasms (D:1)
  A hobgoblin (D:1)
  2 quokkas
  2 frilled lizards (D:1)
  2 kobolds
  2 rats (D:2)
14 creatures vanquished.

Notes
Turn   | Place    | Note
-------+----------+-------------------------------------------
     0 | D:1      | qw the Gargoyle Hexslinger began the quest for the Orb.
     0 | D:1      | Reached XP level 1. HP: 12/12 MP: 2/2
     0 | D:1      | 0 ||| qw: Version: 0.3-a-40-ge99b1a8
     0 | D:1      | 0 ||| qw: Game counter: 138
     0 | D:1      | 0 ||| qw: Melee chars always use a shield: true
     0 | D:1      | 0 ||| qw: God list: Okawaru
     0 | D:1      | 0 ||| qw: Allow faded altars: false
     0 | D:1      | 0 ||| qw: Do Orc after clearing Dungeon:15 true
     0 | D:1      | 0 ||| qw: Do second Lair branch before Depths: true
     0 | D:1      | 0 ||| qw: Lair rune preference: random
     0 | D:1      | 0 ||| qw: Goals: Normal
     0 | D:1      | 0 ||| PLANNING D:1-11
   156 | D:1      | Reached XP level 2. HP: 16/16 MP: 3/3
   374 | D:1      | 374 ||| UPGRADING to +0 leather armour.
   384 | D:1      | 384 ||| DROPPING +0 robe.
   385 | D:1      | 385 ||| READING scroll labelled YDUURA NOTTAL.
   388 | D:1      | 388 ||| READING 2 scrolls labelled QIROUW ESIMEFF.
   389 | D:1      | 389 ||| READING scroll labelled LYTSUH SEHEU.
   490 | D:1      | 490 ||| DRINKING 2 fuming orange potions.
   491 | D:1      | 491 ||| DROPPING scroll of poison.
   512 | D:2      | Reached skill level 3 in Ranged Weapons
   523 | D:2      | 523 ||| FLEEEEING.
   524 | D:2      | 524 ||| FLEEEEING.
   528 | D:2      | 528 ||| STAIRDANCE
   570 | D:2      | Noticed Natasha
   577 | D:2      | Slain by a cerulean imp

Levels and vault maps discovered:
D:1:      lemuel_arrival_behind_the_door_small, layout_rooms
D:2:      layout_loops_ring, shapermc_ecumenical_altar_flowoftime, basic_altar,
          uniq_natasha

Skill      XL: |  1  2 |
---------------+-------+-----
Ranged Weapons | 3 |  3.0
Fighting       | |  1.2
Dodging        | |  1.5
Spellcasting   | |  1.0
Hexes          | |  2.6

Action                     || total
---------------------------++-------
   Fire: Sling             ||    43
    Use: Scroll            ||     3
         Potion            ||     1
  Dodge: Dodged            ||     6

Table legend:
 A = Non-vault XP
 B = Vault XP
 C = Vault XP percentage of total XP
 D = Non-vault monster count
 E = Vault monster count
 F = Vault count percentage of total count
                 A         B        C        D         E       F
            +---------+---------+-------+---------+---------+-------
      Total |      22 |       0 |   0.0 |      14 |       0 |   0.0
            +---------+---------+-------+---------+---------+-------
        D:1 |      17 |       0 |   0.0 |      10 |       0 |   0.0
        D:2 |       5 |       0 |   0.0 |       4 |       0 |   0.0
            +---------+---------+-------+---------+---------+-------
